Bruins vs Stars

Created - 29 janvier 2018 at 16:32

Goals
1 2 3 T
Bruins 2 2 0 4
Stars 0 1 0 1
Shots
1 2 3 T
Bruins 10 20 7 37
Stars 15 15 9 39

1st period

1. Bruins , Alex Killorn 12 (Kyle Okposo 35, Sean Monahan 22) at 8:28
2. Bruins , Patrice Bergeron 20 (Derick Brassard 20) at 11:33

Penalties :
Alex Killorn (BOS) for Hooking (Minor) at 19:00

2nd period

3. Bruins , Matt Stajan 2 (Nikolay Kulemin 8, Anthony Mantha 14) at 6:03
4. Stars , Joe Thornton 7 (Alexander Radulov 20, John Klingberg 18) at 6:59
5. Bruins , Patrice Bergeron 21 (Ryan McDonagh 17, Joel Edmundson 10) at 12:52 (PP)

Penalties :
John Klingberg (DAL) for Holding Stick (Minor) at 1:43, Stephen Johns (DAL) for High sticking (Minor) at 12:01, Joel Edmundson (BOS) for Diving (Minor) at 17:05

3rd period

No Goal

Penalties :
Jakob Chychrun (BOS) for Holding (Minor) at 5:03, Ryan McDonagh (BOS) for Roughing (Minor) at 11:29

Goalie Stats

Cam Talbot (BOS), 38 saves from 39 shots - (0,974), W, 25-10-3, 60:00 minutes
Jimmy Howard (DAL), 33 saves from 37 shots - (0,892), L, 17-17-3, 60:00 minutes

Players Stats for Bruins

Player Name              G  A  P  +/- PIM S  H  SB GA TA FO     MP     PP MP  PK MP  
------------------------------------------------------------------------------------
Alex Killorn             1  0  1   0  2   3  1  1  0  0  0/0    15:04   0:00   0:00 
Alexander Burmistrov     0  0  0   0  0   0  1  0  1  0  0/0     8:27   0:00   1:07 
Anthony Mantha           0  1  1   1  0   1  0  1  0  0  0/0    13:08   1:20   0:00 
Derick Brassard          0  1  1   1  0   3  3  0  1  0  0/0    17:22   1:30   0:48 
Jakob Chychrun           0  0  0   0  2   1  0  0  0  0  0/0    18:26   0:00   1:57 
Jason Demers             0  0  0   2  0   0  2  2  0  1  0/0    16:17   0:00   0:00 
Jason Pominville         0  0  0   1  0   0  0  0  0  0  0/1    16:23   1:20   0:00 
Joel Edmundson           0  1  1   0  2   1  3  0  1  0  0/0    20:00   1:33   2:52 
Kyle Okposo              0  1  1   0  0   4  0  0  0  0  1/2    16:28   1:30   0:00 
Marc Staal               0  0  0   0  0   1  2  0  0  1  0/0    21:27   1:17   4:06 
Matt Stajan              1  0  1   1  0   1  1  0  0  0  8/16   16:39   0:00   4:39 
Nikolay Kulemin          0  1  1   1  0   3  2  0  1  0  0/0    14:12   0:00   2:26 
Patrice Bergeron         2  0  2   1  0   9  0  0  0  0  16/23  18:49   1:20   2:26 
Ryan McDonagh            0  1  1   2  2   6  3  3  0  1  0/0    21:26   1:33   3:07 
Sean Monahan             0  1  1   0  0   3  1  0  1  0  12/19  16:28   1:30   0:00 
Tom Kuhnhackl            0  0  0   0  0   1  2  0  0  0  1/2    11:43   0:00   4:26 
Xavier Ouellet           0  0  0   0  0   0  0  2  0  0  0/0    22:37   1:17   3:50 
Zemgus Girgensons        0  0  0   0  0   0  1  0  0  0  1/2     7:04   0:00   0:00 

Players Stats for Stars

Player Name              G  A  P  +/- PIM S  H  SB GA TA FO     MP     PP MP  PK MP  
------------------------------------------------------------------------------------
Alexander Radulov        0  1  1   1  0   4  2  0  1  0  0/0    20:36   4:25   0:00 
Brian Gionta             0  0  0  -2  0   4  4  1  1  1  0/2    18:03   3:31   1:03 
Bryan Rust               0  0  0  -1  0   3  2  0  0  0  0/0    11:42   0:00   0:00 
Daniel Winnik            0  0  0   0  0   1  0  1  0  0  1/4     8:57   0:00   1:03 
Greg Pateryn             0  0  0  -2  0   1  1  2  0  1  0/0    19:24   0:00   1:35 
Henrik Sedin             0  0  0  -2  0   6  1  0  0  0  7/18   16:57   3:31   0:00 
Jay Beagle               0  0  0  -1  0   0  0  0  0  0  5/12   13:29   0:00   1:47 
Joe Thornton             1  0  1   1  0   5  2  0  0  0  11/26  20:36   4:25   0:00 
John Klingberg           0  1  1   0  2   4  0  2  0  1  0/0    26:07   3:32   0:20 
Lee Stempniak            0  0  0  -1  0   3  1  0  0  0  0/0    11:42   0:00   0:00 
Mark Streit              0  0  0   1  0   2  0  0  0  0  0/0    24:52   4:24   0:31 
Mikko Rantanen           0  0  0   1  0   2  0  1  1  0  1/2    20:36   4:25   0:00 
Patrik Nemeth            0  0  0  -1  0   1  1  0  0  1  0/0    18:05   4:24   2:16 
Richard Panik            0  0  0   0  0   1  0  0  0  0  0/0     7:52   0:00   0:00 
Rick Nash                0  0  0  -2  0   1  2  0  0  0  0/0    16:57   3:31   0:00 
Rob Scuderi              0  0  0  -1  0   0  1  2  0  0  0/0    10:57   0:00   0:00 
Scottie Upshall          0  0  0   0  0   0  0  1  0  0  1/1     9:39   0:00   1:47 
Stephen Johns            0  0  0  -1  2   1  2  0  0  1  0/0    20:36   3:32   0:58 

3 Stars

1 - Cam Talbot (BOS)
2 - Patrice Bergeron (BOS)
3 - Matt Stajan (BOS)

Power Play

Bruins - 1 on 3 Attempt(s) - 33,33%
Stars - 0 on 4 Attempt(s) - 0,00%

Penalty Kill

Bruins - 4 on 4 Attempt(s) - 100,00% - Score 0 goal in Penalty Kill
Stars - 2 on 3 Attempt(s) - 66,67% - Score 0 goal in Penalty Kill

Team Stat

Bruins - Hits : 22 - Faceoff Wins : 39 - Blocked Shots : 9 - Penalty Minutes : 8
Stars - Hits : 19 - Faceoff Wins : 26 - Blocked Shots : 10 - Penalty Minutes : 4

Official

Referees : Kendrick Nicholson and Kyle Rehman
Linesman : Andy McElman and Jay Sharrers

Game Notes

15:48 of 1st period - Bruins goal is going for a video replay. After video review, No Goal. The goalkeeper has been pushed into the net together with the puck after making a save.
4:39 of 3rd period - Penalty Shot by Greg Pateryn for Stars - Shot Misses the Net

Finance

Level 1 -- Attendance: 4117 (68,62%) -- Ticket Income 473 455 $
Level 2 -- Attendance: 3130 (62,60%) -- Ticket Income 234 750 $
Level 3 -- Attendance: 1260 (63,00%) -- Ticket Income 56 700 $
Level 4 -- Attendance: 2505 (62,63%) -- Ticket Income 75 150 $
Luxury Box -- Attendance: 638 (63,80%) -- Ticket Income 140 360 $
Game was played at the Dallas Arena.
Total Attendance: 11650 (64,72%)
Total Ticket Income: 980 415 $
Other Income: 480 403 $
Total Income: 1 460 818 $

Bruins

5 vs 5 Forward 
   Center                   Left Wing                Right Wing               Time % Phy DF OF 
 1 Sean Monahan             Alex Killorn             Kyle Okposo              32     0   2  3  
 2 Patrice Bergeron         Derick Brassard          Jason Pominville         32     0   2  3  
 3 Matt Stajan              Nikolay Kulemin          Anthony Mantha           26     0   3  2  
 4 Zemgus Girgensons        Alexander Burmistrov     Tom Kuhnhackl            10     0   4  1  

5 vs 5 Defense 
   Defense                  Defense                                           Time % Phy DF OF 
 1 Ryan McDonagh            Jason Demers                                      34     0   2  3  
 2 Marc Staal               Joel Edmundson                                    33     0   4  1  
 3 Jakob Chychrun           Xavier Ouellet                                    33     1   4  0  
 4 Xavier Ouellet           Ryan McDonagh                                     0      1   2  2  

PowerPlay Forward 
   Center                   Left Wing                Right Wing               Time % Phy DF OF 
 1 Sean Monahan             Derick Brassard          Kyle Okposo              50     0   0  5  
 2 Patrice Bergeron         Anthony Mantha           Jason Pominville         50     0   1  4  

PowerPlay Defense
   Defense                  Defense                                           Time % Phy DF OF 
 1 Joel Edmundson           Ryan McDonagh                                     50     0   2  3  
 2 Marc Staal               Xavier Ouellet                                    50     0   1  4  

Penalty Kill 4 Players Forward 
   Center                   Wing                     Time % Phy DF OF 
 1 Matt Stajan              Tom Kuhnhackl            60     0   3  2  
 2 Patrice Bergeron         Nikolay Kulemin          40     0   3  2  

Penalty Kill 4 Players Defense
   Defense                  Defense                  Time % Phy DF OF 
 1 Joel Edmundson           Xavier Ouellet           50     0   5  0  
 2 Ryan McDonagh            Marc Staal               50     0   5  0  

Penalty Kill - 3 Players Forward 
   Forward                                           Time % Phy DF OF 
 1 Matt Stajan                                       50     0   5  0  
 2 Patrice Bergeron                                  50     0   4  1  

Penalty Kill - 3 Players Defense
   Defense                  Defense                  Time % Phy DF OF 
 1 Joel Edmundson           Xavier Ouellet           50     0   5  0  
 2 Marc Staal               Ryan McDonagh            50     0   5  0  

4 vs 4 Forward 
   Center                   Wing                     Time % Phy DF OF 
 1 Patrice Bergeron         Kyle Okposo              50     0   2  3  
 2 Sean Monahan             Jason Pominville         50     0   2  3  

4 vs 4 Defense
   Defense                  Defense                  Time % Phy DF OF 
 1 Marc Staal               Xavier Ouellet           50     0   2  3  
 2 Joel Edmundson           Ryan McDonagh            50     0   2  3  

Last Minutes Offensive
   Center                   Left Wing                Right Wing               Defense                  Defense                  
   Patrice Bergeron         Derick Brassard          Kyle Okposo              Marc Staal               Ryan McDonagh            

Last Minutes Defensive
   Center                   Left Wing                Right Wing               Defense                  Defense                  
   Patrice Bergeron         Derick Brassard          Kyle Okposo              Marc Staal               Ryan McDonagh            

Goaltenders
Starting : Cam Talbot               
Backup : Juuse Saros              

Extra Forwards
Normal : Alexander Burmistrov, Zemgus Girgensons, Tom Kuhnhackl - PP : Alex Killorn, Nikolay Kulemin - PK : Alexander Burmistrov
Extra Defensemen
Normal : Xavier Ouellet, Jakob Chychrun, Joel Edmundson - PP : Xavier Ouellet - PK : Jakob Chychrun, Joel Edmundson
Penalty Shots
Kyle Okposo, Sean Monahan, Derick Brassard, Jason Pominville, Alex Killorn
Custom OT Lines Forwards
Kyle Okposo, Sean Monahan, Derick Brassard, Jason Pominville, Patrice Bergeron, Anthony Mantha, Nikolay Kulemin, Alex Killorn, Matt Stajan, Zemgus Girgensons
Custom OT Lines Defensemen
Marc Staal, Ryan McDonagh, Jason Demers, Joel Edmundson, Xavier Ouellet

Scratches
Brian Campbell (Healthy), David Desharnais (Healthy)

Stars

5 vs 5 Forward 
   Center                   Left Wing                Right Wing               Time % Phy DF OF 
 1 Joe Thornton             Mikko Rantanen           Alexander Radulov        35     0   2  3  
 2 Henrik Sedin             Rick Nash                Brian Gionta             30     0   3  2  
 3 Jay Beagle               Bryan Rust               Lee Stempniak            22     0   4  1  
 4 Daniel Winnik            Scottie Upshall          Richard Panik            13     0   5  0  

5 vs 5 Defense 
   Defense                  Defense                                           Time % Phy DF OF 
 1 John Klingberg           Mark Streit                                       40     0   3  2  
 2 Stephen Johns            Greg Pateryn                                      30     0   4  1  
 3 Patrik Nemeth            Rob Scuderi                                       20     0   4  1  
 4 John Klingberg           Greg Pateryn                                      10     0   5  0  

PowerPlay Forward 
   Center                   Left Wing                Right Wing               Time % Phy DF OF 
 1 Joe Thornton             Mikko Rantanen           Alexander Radulov        60     0   1  4  
 2 Henrik Sedin             Rick Nash                Brian Gionta             40     0   1  4  

PowerPlay Defense
   Defense                  Defense                                           Time % Phy DF OF 
 1 Stephen Johns            John Klingberg                                    60     0   2  3  
 2 Mark Streit              Patrik Nemeth                                     40     0   3  2  

Penalty Kill 4 Players Forward 
   Center                   Wing                     Time % Phy DF OF 
 1 Jay Beagle               Scottie Upshall          55     0   5  0  
 2 Daniel Winnik            Brian Gionta             45     0   5  0  

Penalty Kill 4 Players Defense
   Defense                  Defense                  Time % Phy DF OF 
 1 John Klingberg           Greg Pateryn             60     0   5  0  
 2 Stephen Johns            Patrik Nemeth            40     0   5  0  

Penalty Kill - 3 Players Forward 
   Forward                                           Time % Phy DF OF 
 1 Jay Beagle                                        60     0   5  0  
 2 Alexander Radulov                                 40     0   5  0  

Penalty Kill - 3 Players Defense
   Defense                  Defense                  Time % Phy DF OF 
 1 Rob Scuderi              Stephen Johns            60     0   5  0  
 2 Mark Streit              Greg Pateryn             40     0   5  0  

4 vs 4 Forward 
   Center                   Wing                     Time % Phy DF OF 
 1 Joe Thornton             Alexander Radulov        60     0   4  1  
 2 Mikko Rantanen           Brian Gionta             40     0   4  1  

4 vs 4 Defense
   Defense                  Defense                  Time % Phy DF OF 
 1 John Klingberg           Stephen Johns            60     0   5  0  
 2 Rob Scuderi              Greg Pateryn             40     0   5  0  

Last Minutes Offensive
   Center                   Left Wing                Right Wing               Defense                  Defense                  
   Joe Thornton             Rick Nash                Alexander Radulov        John Klingberg           Stephen Johns            

Last Minutes Defensive
   Center                   Left Wing                Right Wing               Defense                  Defense                  
   Jay Beagle               Brian Gionta             Alexander Radulov        John Klingberg           Mark Streit              

Goaltenders
Starting : Jimmy Howard             
Backup : Jhonas Enroth            

Extra Forwards
Normal : Mikko Rantanen, Rick Nash, Daniel Winnik - PP : Mikko Rantanen, Lee Stempniak - PK : Daniel Winnik
Extra Defensemen
Normal : Mark Streit, Patrik Nemeth, Stephen Johns - PP : Mark Streit - PK : Patrik Nemeth, Stephen Johns
Penalty Shots
Joe Thornton, Henrik Sedin, Alexander Radulov, Brian Gionta, Jay Beagle
Custom OT Lines Forwards
Joe Thornton, Henrik Sedin, Alexander Radulov, Brian Gionta, Rick Nash, Richard Panik, Mikko Rantanen, Lee Stempniak, Bryan Rust, Scottie Upshall
Custom OT Lines Defensemen
John Klingberg, Stephen Johns, Patrik Nemeth, Greg Pateryn, Rob Scuderi

Scratches
Connor Brickley (Healthy), J.T. Compher (Healthy), Patrick Wiercioch (Back Injury)

% Time on Ice - Bruins

Lines # - Real PCT - Wanted PCT - Time Play
Normal Forward
1 - 31% - 32% - 15:21
2 - 31% - 32% - 15:03
3 - 24% - 26% - 11:46
4 - 14% - 10% - 7:04
Normal Defense
1 - 34% - 34% - 16:47
2 - 33% - 33% - 16:04
3 - 33% - 33% - 16:23
4 - 0% - 0% - 0:00
PP Forward
1 - 53% - 50% - 1:30
2 - 47% - 50% - 1:20
PP Defense
1 - 55% - 50% - 1:33
2 - 45% - 50% - 1:17
PK Forward
1 - 69% - 60% - 5:30
2 - 31% - 40% - 2:26
PK Defense
1 - 48% - 50% - 3:50
2 - 52% - 50% - 4:06
PK3 Forward
1 - 0% - 50%
2 - 0% - 50%
PK3 Defense
1 - 0% - 50%
2 - 0% - 50%
44 Forward
1 - 0% - 50%
2 - 0% - 50%
44 Defense
1 - 0% - 50%
2 - 0% - 50%
Last Minute Offensive  - 0:00
Last Minute Defensive  - 0:00
Total
Forward - 60:00
Defense - 60:00

% Time on Ice - Stars

Lines # - Real PCT - Wanted PCT - Time Play
Normal Forward
1 - 33% - 35% - 16:11
2 - 27% - 30% - 13:29
3 - 24% - 22% - 11:42
4 - 16% - 13% - 7:52
Normal Defense
1 - 39% - 40% - 19:04
2 - 33% - 30% - 16:02
3 - 22% - 20% - 10:57
4 - 6% - 10% - 3:11
PP Forward
1 - 56% - 60% - 4:25
2 - 44% - 40% - 3:31
PP Defense
1 - 45% - 60% - 3:32
2 - 55% - 40% - 4:24
PK Forward
1 - 63% - 55% - 1:47
2 - 37% - 45% - 1:03
PK Defense
1 - 56% - 60% - 1:35
2 - 44% - 40% - 1:15
PK3 Forward
1 - 0% - 60%
2 - 0% - 40%
PK3 Defense
1 - 0% - 60%
2 - 0% - 40%
44 Forward
1 - 0% - 60%
2 - 0% - 40%
44 Defense
1 - 0% - 60%
2 - 0% - 40%
Last Minute Offensive  - 0:00
Last Minute Defensive  - 0:00
Total
Forward - 60:00
Defense - 60:00

Play by Play

1st period


0:01 of 1st period - Joe Thornton wins face-off versus Sean Monahan in neutral zone.
0:26 of 1st period - Brian Gionta is hit by Ryan McDonagh and loses puck.
0:35 of 1st period - Slapshot by Patrice Bergeron.
0:35 of 1st period - Shot Misses the Net.
0:37 of 1st period - Wrist shot by Marc Staal.
0:37 of 1st period - Shot Misses the Net.
0:39 of 1st period - Wrist shot by Patrice Bergeron.
0:39 of 1st period - Shot Misses the Net.
1:29 of 1st period - Mikko Rantanen is hit by Alex Killorn and loses puck.
1:50 of 1st period - Ryan McDonagh is hit by Stephen Johns and loses puck.
2:41 of 1st period - Snap shot by Alexander Burmistrov.
2:41 of 1st period - Shot Misses the Net.
2:53 of 1st period - Snap shot by Alexander Radulov.
2:53 of 1st period - Shot Misses the Net.
3:19 of 1st period - Wrist shot by Anthony Mantha.
3:19 of 1st period - Stopped by Jimmy Howard with a rebound.
3:25 of 1st period - Matt Stajan is hit by Rick Nash and loses puck.
5:20 of 1st period - Marc Staal is hit by Bryan Rust and loses puck.
5:43 of 1st period - Rob Scuderi is hit by Ryan McDonagh and loses puck.
6:04 of 1st period - Rob Scuderi is hit by Marc Staal and loses puck.
6:09 of 1st period - Wrist shot by Patrice Bergeron.
6:09 of 1st period - Shot Misses the Net.
6:11 of 1st period - Wrist shot by Patrice Bergeron.
6:11 of 1st period - Shot Blocked by Rob Scuderi.
6:48 of 1st period - Mikko Rantanen is hit by Zemgus Girgensons and loses puck.
7:09 of 1st period - John Klingberg is hit by Sean Monahan and loses puck.
8:05 of 1st period - Joe Thornton is hit by Nikolay Kulemin and loses puck.
8:24 of 1st period - Snap shot by Kyle Okposo.
8:24 of 1st period - Shot Misses the Net.
8:26 of 1st period - Slapshot by Alex Killorn.
8:26 of 1st period - Shot Misses the Net.
8:28 of 1st period - Snap shot by Alex Killorn.
8:28 of 1st period - Goal by Alex Killorn - Bruins : 1 - Stars : 0.
8:29 of 1st period - Patrice Bergeron wins face-off versus Joe Thornton in neutral zone.
8:32 of 1st period - Slapshot by Derick Brassard.
8:32 of 1st period - Shot Misses the Net.
8:34 of 1st period - Snap shot by Patrice Bergeron.
8:34 of 1st period - Shot Blocked by John Klingberg.
8:38 of 1st period - Wrist shot by Patrice Bergeron.
8:38 of 1st period - Shot Misses the Net.
8:40 of 1st period - Slapshot by Jason Demers.
8:40 of 1st period - Shot Blocked by Mikko Rantanen.
8:54 of 1st period - Sean Monahan is hit by Brian Gionta.
9:34 of 1st period - Patrik Nemeth is hit by Joel Edmundson and loses puck.
10:01 of 1st period - Joel Edmundson is hit by Rob Scuderi and loses puck.
10:14 of 1st period - Kyle Okposo is hit by Brian Gionta and loses puck.
10:21 of 1st period - Ryan McDonagh is hit by Rick Nash and loses puck.
10:40 of 1st period - Snap shot by Bryan Rust.
10:40 of 1st period - Stopped by Cam Talbot without a rebound.
10:41 of 1st period - Jay Beagle wins face-off versus Patrice Bergeron in Bruins zone.
11:15 of 1st period - Snap shot by Alexander Radulov.
11:15 of 1st period - Stopped by Cam Talbot without a rebound.
11:16 of 1st period - Henrik Sedin wins face-off versus Patrice Bergeron in Bruins zone.
11:25 of 1st period - Wrist shot by Henrik Sedin.
11:25 of 1st period - Stopped by Cam Talbot without a rebound.
11:26 of 1st period - Patrice Bergeron wins face-off versus Henrik Sedin in Bruins zone.
11:33 of 1st period - Snap shot by Patrice Bergeron.
11:33 of 1st period - Goal by Patrice Bergeron - Bruins : 2 - Stars : 0.
11:34 of 1st period - Sean Monahan wins face-off versus Joe Thornton in neutral zone.
12:29 of 1st period - Snap shot by Ryan McDonagh.
12:29 of 1st period - Stopped by Jimmy Howard without a rebound.
12:30 of 1st period - Sean Monahan wins face-off versus Joe Thornton in Stars zone.
12:57 of 1st period - Snap shot by Richard Panik.
12:57 of 1st period - Stopped by Cam Talbot without a rebound.
12:58 of 1st period - Patrice Bergeron wins face-off versus Daniel Winnik in Bruins zone.
13:03 of 1st period - Snap shot by Patrice Bergeron.
13:03 of 1st period - Stopped by Jimmy Howard with a rebound.
13:05 of 1st period - Wrist shot by Patrice Bergeron.
13:05 of 1st period - Shot Misses the Net.
13:07 of 1st period - Slapshot by Jakob Chychrun.
13:07 of 1st period - Stopped by Jimmy Howard with a rebound.
13:09 of 1st period - Snap shot by Xavier Ouellet.
13:09 of 1st period - Shot Blocked by Greg Pateryn.
13:11 of 1st period - Wrist shot by Jakob Chychrun.
13:11 of 1st period - Shot Blocked by Daniel Winnik.
13:13 of 1st period - Snap shot by Jason Pominville.
13:13 of 1st period - Shot Misses the Net.
13:35 of 1st period - Wrist shot by Joe Thornton.
13:35 of 1st period - Shot Misses the Net.
13:37 of 1st period - Slapshot by Stephen Johns.
13:37 of 1st period - Deflect By Alexander Radulov.
13:37 of 1st period - Shot Blocked by Xavier Ouellet.
13:37 of 1st period - Puck is out of play.
13:38 of 1st period - Henrik Sedin wins face-off versus Sean Monahan in Bruins zone.
13:44 of 1st period - Wrist shot by Henrik Sedin.
13:44 of 1st period - Shot Misses the Net.
13:46 of 1st period - Snap shot by Mark Streit.
13:46 of 1st period - Shot Blocked by Jason Demers.
13:48 of 1st period - Snap shot by Brian Gionta.
13:48 of 1st period - Stopped by Cam Talbot without a rebound.
13:49 of 1st period - Patrice Bergeron wins face-off versus Joe Thornton in Bruins zone.
14:20 of 1st period - Wrist shot by Alex Killorn.
14:20 of 1st period - Deflect By Kyle Okposo.
14:20 of 1st period - Shot Misses the Net.
14:20 of 1st period - Puck is out of play.
14:21 of 1st period - Sean Monahan wins face-off versus Henrik Sedin in Stars zone.
14:24 of 1st period - Backhand shot by Sean Monahan.
14:24 of 1st period - Shot Misses the Net.
14:26 of 1st period - Slapshot by Ryan McDonagh.
14:26 of 1st period - Stopped by Jimmy Howard with a rebound.
14:28 of 1st period - Slapshot by Ryan McDonagh.
14:28 of 1st period - Stopped by Jimmy Howard with a rebound.
14:30 of 1st period - Slapshot by Jason Demers.
14:30 of 1st period - Shot Misses the Net.
14:32 of 1st period - Slapshot by Jason Demers.
14:32 of 1st period - Shot Blocked by Brian Gionta.
14:48 of 1st period - Derick Brassard is hit by Joe Thornton and loses puck.
15:07 of 1st period - Wrist shot by Bryan Rust.
15:07 of 1st period - Stopped by Cam Talbot without a rebound.
15:08 of 1st period - Jay Beagle wins face-off versus Matt Stajan in Bruins zone.
15:44 of 1st period - Wrist shot by Nikolay Kulemin.
15:44 of 1st period - Shot Misses the Net.
15:48 of 1st period - Wrist shot by Nikolay Kulemin.
15:48 of 1st period - Bruins goal is going for a video replay.
15:48 of 1st period - The goal is refused. The goalkeeper has been pushed into the net together with the puck after making a save..
15:49 of 1st period - Joe Thornton wins face-off versus Patrice Bergeron in Stars zone.
15:49 of 1st period - Joe Thornton is hit by Derick Brassard.
16:15 of 1st period - Kyle Okposo is hit by Greg Pateryn and loses puck.
16:47 of 1st period - John Klingberg is hit by Ryan McDonagh and loses puck.
17:00 of 1st period - Jason Demers is hit by Bryan Rust and loses puck.
17:25 of 1st period - Wrist shot by Alexander Radulov.
17:25 of 1st period - Stopped by Cam Talbot without a rebound.
17:26 of 1st period - Joe Thornton wins face-off versus Sean Monahan in Bruins zone.
17:39 of 1st period - Wrist shot by Alexander Radulov.
17:39 of 1st period - Shot Misses the Net.
17:41 of 1st period - Backhand shot by Mikko Rantanen.
17:41 of 1st period - Shot Misses the Net.
17:43 of 1st period - Snap shot by Stephen Johns.
17:43 of 1st period - Stopped by Cam Talbot with a rebound.
18:05 of 1st period - Wrist shot by Patrice Bergeron.
18:05 of 1st period - Stopped by Jimmy Howard with a rebound.
18:39 of 1st period - Wrist shot by Lee Stempniak.
18:39 of 1st period - Shot Misses the Net.
18:41 of 1st period - Slapshot by Greg Pateryn.
18:41 of 1st period - Stopped by Cam Talbot without a rebound.
18:42 of 1st period - Jay Beagle wins face-off versus Sean Monahan in Bruins zone.
18:43 of 1st period - Wrist shot by Lee Stempniak.
18:43 of 1st period - Stopped by Cam Talbot without a rebound.
18:44 of 1st period - Joe Thornton wins face-off versus Sean Monahan in Bruins zone.
18:51 of 1st period - Slapshot by Alexander Radulov.
18:51 of 1st period - Shot Blocked by Ryan McDonagh.
18:53 of 1st period - Snap shot by Mikko Rantanen.
18:53 of 1st period - Stopped by Cam Talbot with a rebound.
18:55 of 1st period - Wrist shot by Alexander Radulov.
18:55 of 1st period - Stopped by Cam Talbot with a rebound.
19:00 of 1st period - Minor Penalty to Alex Killorn for Hooking.
19:01 of 1st period - Tom Kuhnhackl wins face-off versus Joe Thornton in Bruins zone.
19:11 of 1st period - Mikko Rantanen is hit by Tom Kuhnhackl and loses puck.
19:38 of 1st period - Wrist shot by John Klingberg.
19:38 of 1st period - Stopped by Cam Talbot without a rebound.
19:39 of 1st period - Henrik Sedin wins face-off versus Patrice Bergeron in Bruins zone.
19:40 of 1st period - Snap shot by Brian Gionta.
19:40 of 1st period - Stopped by Cam Talbot with a rebound.
19:42 of 1st period - Slapshot by Patrik Nemeth.
19:42 of 1st period - Shot Blocked by Ryan McDonagh.
19:44 of 1st period - Slapshot by Patrik Nemeth.
19:44 of 1st period - Shot Misses the Net.
19:46 of 1st period - Slapshot by Patrik Nemeth.
19:46 of 1st period - Stopped by Cam Talbot with a rebound.
19:48 of 1st period - Slapshot by Mark Streit.
19:48 of 1st period - Shot Blocked by Ryan McDonagh.
19:50 of 1st period - Slapshot by Patrik Nemeth.
19:50 of 1st period - Shot Hit the Post.
Goals for this period are 2 for Bruins vs 0 for Stars.
Shots for this period are 10 for Bruins vs 15 for Stars.

2nd period


0:01 of 2nd period - Joe Thornton wins face-off versus Matt Stajan in neutral zone.
0:04 of 2nd period - Slapshot by John Klingberg.
0:04 of 2nd period - Shot Misses the Net.
0:32 of 2nd period - Snap shot by Henrik Sedin.
0:32 of 2nd period - Stopped by Cam Talbot without a rebound.
0:33 of 2nd period - Matt Stajan wins face-off versus Brian Gionta in Bruins zone.
1:00 of 2nd period - Penalty to Alex Killorn is over, Alex Killorn is back on ice.
1:16 of 2nd period - Slapshot by Derick Brassard.
1:16 of 2nd period - Stopped by Jimmy Howard with a rebound.
1:18 of 2nd period - Wrist shot by Patrice Bergeron.
1:18 of 2nd period - Stopped by Jimmy Howard with a rebound.
1:20 of 2nd period - Snap shot by Ryan McDonagh.
1:20 of 2nd period - Stopped by Jimmy Howard without a rebound.
1:21 of 2nd period - Sean Monahan wins face-off versus Henrik Sedin in Stars zone.
1:43 of 2nd period - Minor Penalty to John Klingberg for Holding Stick.
1:44 of 2nd period - Jay Beagle wins face-off versus Sean Monahan in Stars zone.
1:55 of 2nd period - Slapshot by Derick Brassard.
1:55 of 2nd period - Stopped by Jimmy Howard with a rebound.
1:57 of 2nd period - Slapshot by Joel Edmundson.
1:57 of 2nd period - Shot Blocked by Scottie Upshall.
1:59 of 2nd period - Slapshot by Joel Edmundson.
1:59 of 2nd period - Stopped by Jimmy Howard without a rebound.
2:00 of 2nd period - Scottie Upshall wins face-off versus Jason Pominville in Stars zone.
2:11 of 2nd period - Wrist shot by Patrice Bergeron.
2:11 of 2nd period - Stopped by Jimmy Howard without a rebound.
2:12 of 2nd period - Patrice Bergeron wins face-off versus Jay Beagle in Stars zone.
2:17 of 2nd period - Snap shot by Jason Pominville.
2:17 of 2nd period - Shot Misses the Net.
2:19 of 2nd period - Slapshot by Marc Staal.
2:19 of 2nd period - Stopped by Jimmy Howard with a rebound.
2:58 of 2nd period - Off-side.
2:59 of 2nd period - Patrice Bergeron wins face-off versus Daniel Winnik in neutral zone.
3:12 of 2nd period - Patrik Nemeth is hit by Joel Edmundson and loses puck.
3:43 of 2nd period - Penalty to John Klingberg is over, John Klingberg is back on ice.
3:54 of 2nd period - Icing by Xavier Ouellet.
3:55 of 2nd period - Zemgus Girgensons wins face-off versus Joe Thornton in Bruins zone.
4:10 of 2nd period - Wrist shot by Tom Kuhnhackl.
4:10 of 2nd period - Stopped by Jimmy Howard with a rebound.
5:10 of 2nd period - Snap shot by Jason Demers.
5:10 of 2nd period - Shot Misses the Net.
5:12 of 2nd period - Slapshot by Tom Kuhnhackl.
5:12 of 2nd period - Shot Blocked by John Klingberg.
5:14 of 2nd period - Snap shot by Ryan McDonagh.
5:14 of 2nd period - Stopped by Jimmy Howard without a rebound.
5:15 of 2nd period - Henrik Sedin wins face-off versus Patrice Bergeron in Stars zone.
5:34 of 2nd period - Rick Nash is hit by Derick Brassard and loses puck.
5:53 of 2nd period - Snap shot by Bryan Rust.
5:53 of 2nd period - Stopped by Cam Talbot without a rebound.
5:54 of 2nd period - Matt Stajan wins face-off versus Jay Beagle in Bruins zone.
6:01 of 2nd period - Wrist shot by Nikolay Kulemin.
6:01 of 2nd period - Stopped by Jimmy Howard with a rebound.
6:03 of 2nd period - Snap shot by Matt Stajan.
6:03 of 2nd period - Goal by Matt Stajan - Bruins : 3 - Stars : 0.
6:04 of 2nd period - Patrice Bergeron wins face-off versus Henrik Sedin in neutral zone.
6:39 of 2nd period - Snap shot by Rick Nash.
6:39 of 2nd period - Shot Misses the Net.
6:57 of 2nd period - Snap shot by Joe Thornton.
6:57 of 2nd period - Stopped by Cam Talbot with a rebound.
6:59 of 2nd period - Snap shot by Joe Thornton.
6:59 of 2nd period - Goal by Joe Thornton - Bruins : 3 - Stars : 1.
7:00 of 2nd period - Patrice Bergeron wins face-off versus Joe Thornton in neutral zone.
7:17 of 2nd period - Wrist shot by Joe Thornton.
7:17 of 2nd period - Stopped by Cam Talbot with a rebound.
7:59 of 2nd period - Icing by Xavier Ouellet.
8:00 of 2nd period - Matt Stajan wins face-off versus Henrik Sedin in Bruins zone.
8:34 of 2nd period - Jakob Chychrun is hit by Alexander Radulov and loses puck.
8:55 of 2nd period - Slapshot by John Klingberg.
8:55 of 2nd period - Stopped by Cam Talbot without a rebound.
8:56 of 2nd period - Sean Monahan wins face-off versus Jay Beagle in Bruins zone.
9:40 of 2nd period - Icing by Rob Scuderi.
9:41 of 2nd period - Jay Beagle wins face-off versus Matt Stajan in Stars zone.
9:56 of 2nd period - Slapshot by Ryan McDonagh.
9:56 of 2nd period - Stopped by Jimmy Howard without a rebound.
9:57 of 2nd period - Patrice Bergeron wins face-off versus Henrik Sedin in Stars zone.
10:10 of 2nd period - Henrik Sedin is hit by Derick Brassard and loses puck.
11:31 of 2nd period - Wrist shot by John Klingberg.
11:31 of 2nd period - Shot Blocked by Xavier Ouellet.
11:33 of 2nd period - Slapshot by John Klingberg.
11:33 of 2nd period - Shot Misses the Net.
11:35 of 2nd period - Snap shot by Rick Nash.
11:35 of 2nd period - Shot Misses the Net.
11:37 of 2nd period - Snap shot by John Klingberg.
11:37 of 2nd period - Deflect By Zemgus Girgensons.
11:37 of 2nd period - Stopped by Cam Talbot without a rebound.
11:38 of 2nd period - Sean Monahan wins face-off versus Joe Thornton in Bruins zone.
11:50 of 2nd period - Snap shot by Kyle Okposo.
11:50 of 2nd period - Stopped by Jimmy Howard without a rebound.
11:51 of 2nd period - Patrice Bergeron wins face-off versus Mikko Rantanen in Stars zone.
11:52 of 2nd period - Snap shot by Jason Pominville.
11:52 of 2nd period - Shot Blocked by Greg Pateryn.
12:01 of 2nd period - Minor Penalty to Stephen Johns for High sticking.
12:02 of 2nd period - Sean Monahan wins face-off versus Jay Beagle in Stars zone.
12:30 of 2nd period - Snap shot by Kyle Okposo.
12:30 of 2nd period - Shot Misses the Net.
12:32 of 2nd period - Slapshot by Sean Monahan.
12:32 of 2nd period - Stopped by Jimmy Howard without a rebound.
12:33 of 2nd period - Patrice Bergeron wins face-off versus Jay Beagle in Stars zone.
12:36 of 2nd period - Snap shot by Patrice Bergeron.
12:36 of 2nd period - Stopped by Jimmy Howard without a rebound.
12:37 of 2nd period - Patrice Bergeron wins face-off versus Jay Beagle in Stars zone.
12:42 of 2nd period - Wrist shot by Patrice Bergeron.
12:42 of 2nd period - Stopped by Jimmy Howard with a rebound.
12:44 of 2nd period - Snap shot by Jason Pominville.
12:44 of 2nd period - Shot Misses the Net.
12:46 of 2nd period - Slapshot by Anthony Mantha.
12:46 of 2nd period - Shot Misses the Net.
12:48 of 2nd period - Slapshot by Joel Edmundson.
12:48 of 2nd period - Shot Misses the Net.
12:52 of 2nd period - Snap shot by Patrice Bergeron.
12:52 of 2nd period - Goal by Patrice Bergeron - Bruins : 4 - Stars : 1.
12:53 of 2nd period - Joe Thornton wins face-off versus Kyle Okposo in neutral zone.
13:31 of 2nd period - Snap shot by Brian Gionta.
13:31 of 2nd period - Stopped by Cam Talbot without a rebound.
13:32 of 2nd period - Henrik Sedin wins face-off versus Matt Stajan in Bruins zone.
13:33 of 2nd period - Slapshot by John Klingberg.
13:33 of 2nd period - Stopped by Cam Talbot without a rebound.
13:34 of 2nd period - Matt Stajan wins face-off versus Henrik Sedin in Bruins zone.
13:41 of 2nd period - Snap shot by Rick Nash.
13:41 of 2nd period - Shot Blocked by Jason Demers.
13:43 of 2nd period - Snap shot by Mark Streit.
13:43 of 2nd period - Stopped by Cam Talbot with a rebound.
13:45 of 2nd period - Wrist shot by Henrik Sedin.
13:45 of 2nd period - Deflect By Rick Nash.
13:45 of 2nd period - Shot Misses the Net.
13:45 of 2nd period - Puck is out of play.
13:46 of 2nd period - Sean Monahan wins face-off versus Joe Thornton in Bruins zone.
14:29 of 2nd period - Patrice Bergeron is hit by Henrik Sedin and loses puck.
15:31 of 2nd period - Slapshot by Nikolay Kulemin.
15:31 of 2nd period - Stopped by Jimmy Howard without a rebound.
15:32 of 2nd period - Joe Thornton wins face-off versus Sean Monahan in Stars zone.
15:45 of 2nd period - Snap shot by Kyle Okposo.
15:45 of 2nd period - Stopped by Jimmy Howard without a rebound.
15:46 of 2nd period - Sean Monahan wins face-off versus Henrik Sedin in Stars zone.
15:49 of 2nd period - Snap shot by Kyle Okposo.
15:49 of 2nd period - Deflect By Rick Nash.
15:49 of 2nd period - Stopped by Jimmy Howard without a rebound.
15:50 of 2nd period - Sean Monahan wins face-off versus Henrik Sedin in Stars zone.
16:03 of 2nd period - Snap shot by Henrik Sedin.
16:03 of 2nd period - Stopped by Cam Talbot with a rebound.
16:05 of 2nd period - Slapshot by Henrik Sedin.
16:05 of 2nd period - Stopped by Cam Talbot with a rebound.
16:17 of 2nd period - Snap shot by Daniel Winnik.
16:17 of 2nd period - Shot Blocked by Alex Killorn.
16:21 of 2nd period - Snap shot by Daniel Winnik.
16:21 of 2nd period - Stopped by Cam Talbot without a rebound.
16:22 of 2nd period - Patrice Bergeron wins face-off versus Daniel Winnik in Bruins zone.
16:37 of 2nd period - Icing by Patrice Bergeron.
16:38 of 2nd period - Patrice Bergeron wins face-off versus Joe Thornton in Bruins zone.
16:38 of 2nd period - Patrice Bergeron is hit by Joe Thornton.
16:54 of 2nd period - Wrist shot by Mikko Rantanen.
16:54 of 2nd period - Stopped by Cam Talbot without a rebound.
16:55 of 2nd period - Henrik Sedin wins face-off versus Matt Stajan in Bruins zone.
17:02 of 2nd period - Wrist shot by Brian Gionta.
17:02 of 2nd period - Stopped by Cam Talbot without a rebound.
17:03 of 2nd period - Matt Stajan wins face-off versus Joe Thornton in Bruins zone.
17:05 of 2nd period - Minor Penalty to Joel Edmundson for Diving.
17:06 of 2nd period - Joe Thornton wins face-off versus Matt Stajan in Bruins zone.
18:13 of 2nd period - Nikolay Kulemin is hit by Brian Gionta and loses puck.
18:58 of 2nd period - Brian Gionta is hit by Alexander Burmistrov and loses puck.
19:05 of 2nd period - Penalty to Joel Edmundson is over, Joel Edmundson is back on ice.
19:43 of 2nd period - Slapshot by Richard Panik.
19:43 of 2nd period - Shot Misses the Net.
Goals for this period are 2 for Bruins vs 1 for Stars.
Shots for this period are 20 for Bruins vs 15 for Stars.

3rd period


0:01 of 3rd period - Matt Stajan wins face-off versus Joe Thornton in neutral zone.
0:34 of 3rd period - John Klingberg is hit by Joel Edmundson and loses puck.
1:12 of 3rd period - Wrist shot by Richard Panik.
1:12 of 3rd period - Deflect By Daniel Winnik.
1:12 of 3rd period - Shot Misses the Net.
1:12 of 3rd period - Puck is out of play.
1:13 of 3rd period - Sean Monahan wins face-off versus Joe Thornton in Bruins zone.
1:46 of 3rd period - Wrist shot by Rick Nash.
1:46 of 3rd period - Stopped by Cam Talbot without a rebound.
1:47 of 3rd period - Henrik Sedin wins face-off versus Patrice Bergeron in Bruins zone.
1:58 of 3rd period - Snap shot by Henrik Sedin.
1:58 of 3rd period - Stopped by Cam Talbot with a rebound.
3:50 of 3rd period - Snap shot by Mikko Rantanen.
3:50 of 3rd period - Shot Blocked by Anthony Mantha.
3:52 of 3rd period - Snap shot by Alexander Radulov.
3:52 of 3rd period - Shot Misses the Net.
4:39 of 3rd period - Penalty Shot by Greg Pateryn for Stars.
4:39 of 3rd period - Wrist shot by Greg Pateryn.
4:39 of 3rd period - Shot Misses the Net.
4:40 of 3rd period - Patrice Bergeron wins face-off versus Joe Thornton in Stars zone.
4:45 of 3rd period - Snap shot by Derick Brassard.
4:45 of 3rd period - Stopped by Jimmy Howard with a rebound.
5:03 of 3rd period - Minor Penalty to Jakob Chychrun for Holding.
5:04 of 3rd period - Joe Thornton wins face-off versus Matt Stajan in Bruins zone.
5:48 of 3rd period - Wrist shot by Patrice Bergeron.
5:48 of 3rd period - Stopped by Jimmy Howard without a rebound.
5:49 of 3rd period - Matt Stajan wins face-off versus Henrik Sedin in Stars zone.
5:52 of 3rd period - Snap shot by Tom Kuhnhackl.
5:52 of 3rd period - Shot Misses the Net.
5:58 of 3rd period - Marc Staal is hit by Patrik Nemeth and loses puck.
6:03 of 3rd period - Snap shot by Henrik Sedin.
6:03 of 3rd period - Shot Hit the Post.
6:05 of 3rd period - Wrist shot by Henrik Sedin.
6:05 of 3rd period - Stopped by Cam Talbot with a rebound.
7:03 of 3rd period - Penalty to Jakob Chychrun is over, Jakob Chychrun is back on ice.
7:21 of 3rd period - Wrist shot by Sean Monahan.
7:21 of 3rd period - Stopped by Jimmy Howard without a rebound.
7:22 of 3rd period - Daniel Winnik wins face-off versus Patrice Bergeron in Stars zone.
7:22 of 3rd period - Daniel Winnik is hit by Jason Demers.
8:06 of 3rd period - Slapshot by Sean Monahan.
8:06 of 3rd period - Shot Misses the Net.
8:40 of 3rd period - Wrist shot by Alexander Radulov.
8:40 of 3rd period - Shot Misses the Net.
8:42 of 3rd period - Wrist shot by Joe Thornton.
8:42 of 3rd period - Stopped by Cam Talbot with a rebound.
8:44 of 3rd period - Slapshot by Mark Streit.
8:44 of 3rd period - Stopped by Cam Talbot with a rebound.
8:46 of 3rd period - Snap shot by Alexander Radulov.
8:46 of 3rd period - Shot Hit the Post.
10:37 of 3rd period - Snap shot by Lee Stempniak.
10:37 of 3rd period - Stopped by Cam Talbot with a rebound.
11:29 of 3rd period - Minor Penalty to Ryan McDonagh for Roughing.
11:30 of 3rd period - Joe Thornton wins face-off versus Matt Stajan in Bruins zone.
11:43 of 3rd period - Wrist shot by Alexander Radulov.
11:43 of 3rd period - Stopped by Cam Talbot with a rebound.
12:31 of 3rd period - Icing by Mikko Rantanen.
12:32 of 3rd period - Matt Stajan wins face-off versus Henrik Sedin in Stars zone.
12:57 of 3rd period - Joe Thornton is hit by Tom Kuhnhackl and loses puck.
13:29 of 3rd period - Penalty to Ryan McDonagh is over, Ryan McDonagh is back on ice.
13:39 of 3rd period - Off-side.
13:40 of 3rd period - Sean Monahan wins face-off versus Jay Beagle in neutral zone.
13:52 of 3rd period - Snap shot by Alex Killorn.
13:52 of 3rd period - Shot Misses the Net.
14:09 of 3rd period - Jay Beagle is hit by Jason Demers and loses puck.
14:16 of 3rd period - Jason Pominville is hit by Lee Stempniak and loses puck.
14:31 of 3rd period - Matt Stajan is hit by Alexander Radulov and loses puck.
14:59 of 3rd period - Scottie Upshall is hit by Matt Stajan and loses puck.
15:12 of 3rd period - Slapshot by Anthony Mantha.
15:12 of 3rd period - Deflect By Nikolay Kulemin.
15:12 of 3rd period - Shot Blocked by Rob Scuderi.
15:12 of 3rd period - Puck is out of play.
15:13 of 3rd period - Kyle Okposo wins face-off versus Joe Thornton in Stars zone.
15:20 of 3rd period - Wrist shot by Kyle Okposo.
15:20 of 3rd period - Shot Misses the Net.
15:22 of 3rd period - Snap shot by Kyle Okposo.
15:22 of 3rd period - Stopped by Jimmy Howard with a rebound.
15:24 of 3rd period - Slapshot by Jason Demers.
15:24 of 3rd period - Shot Misses the Net.
15:26 of 3rd period - Snap shot by Sean Monahan.
15:26 of 3rd period - Stopped by Jimmy Howard with a rebound.
15:28 of 3rd period - Snap shot by Alex Killorn.
15:28 of 3rd period - Stopped by Jimmy Howard without a rebound.
15:29 of 3rd period - Patrice Bergeron wins face-off versus Brian Gionta in Stars zone.
16:16 of 3rd period - Snap shot by Lee Stempniak.
16:16 of 3rd period - Stopped by Cam Talbot without a rebound.
16:17 of 3rd period - Joe Thornton wins face-off versus Zemgus Girgensons in Bruins zone.
16:28 of 3rd period - Wrist shot by Joe Thornton.
16:28 of 3rd period - Stopped by Cam Talbot with a rebound.
16:44 of 3rd period - Jakob Chychrun is hit by Brian Gionta.
17:13 of 3rd period - Snap shot by Sean Monahan.
17:13 of 3rd period - Deflect By Alex Killorn.
17:13 of 3rd period - Stopped by Jimmy Howard with a rebound.
17:15 of 3rd period - Slapshot by Jason Demers.
17:15 of 3rd period - Shot Misses the Net.
17:25 of 3rd period - Stephen Johns is hit by Nikolay Kulemin and loses puck.
17:39 of 3rd period - Off-side.
17:40 of 3rd period - Mikko Rantanen wins face-off versus Tom Kuhnhackl in neutral zone.
18:13 of 3rd period - John Klingberg is hit by Marc Staal and loses puck.
19:10 of 3rd period - Wrist shot by Alexander Burmistrov.
19:10 of 3rd period - Shot Misses the Net.
19:42 of 3rd period - Jakob Chychrun is hit by Stephen Johns.
Goals for this period are 0 for Bruins vs 0 for Stars.
Shots for this period are 7 for Bruins vs 9 for Stars.